 Dungeon Crawl Stone Soup version 0.22.0-40-g68aacdc (webtiles) character file.

21 shadizar the Firebug (level 2, 0/16 HPs)
             Began as a Gargoyle Fire Elementalist on Sept 2, 2018.
             Slain by a worm (6 damage)
             ... on level 2 of the Dungeon.
             The game lasted 00:02:30 (1104 turns).

shadizar the Firebug (Gargoyle Fire Elementalist)   Turns: 1104, Time: 00:02:31

Health: 0/16       AC:  5    Str: 11    XL:     2   Next: 83%
Magic:  0/5        EV: 12    Int: 15    God:
Gold:   35         SH:  0    Dex: 10    Spells: 4/5 levels left

rFire    . . .     SeeInvis .   p - +0 club
rCold    . . .     Gourm    .   (no shield)
rNeg     + . .     Faith    .   a - +0 robe
rPois    ∞         Spirit   .   (no helmet)
rElec    +         Reflect  .   h - +0 cloak
rCorr    .         Harm     .   (no gloves)
MR       .....                  (no boots)
Stlth    ++........             (no amulet)
HPRegen  0.05/turn              (no ring)
MPRegen  0.09/turn              (no ring)

@: no status effects
A: negative energy resistance 1, electricity resistance, unbreathing,
petrification resistance, rot immunity, AC +2
a: no special abilities


You were on level 2 of the Dungeon.
You were very hungry.

You visited 1 branch of the dungeon, and saw 2 of its levels.

You collected 35 gold pieces.

Inventory:

Hand Weapons
 f - a +0 hunting sling
 o - a +2 dagger of venom
 p - a +0 club (weapon)
Missiles
 e - 29 stones (quivered)
Armour
 a - a +0 robe (worn)
 h - a +0 cloak (worn)
Jewellery
 d - an uncursed amulet of the gourmand {unknown}
 j - a +3 ring of intelligence {unknown}
Scrolls
 b - 2 scrolls of remove curse {unknown}
 l - a scroll of teleportation {unknown}
 m - a scroll of identify {unknown}
 n - a scroll of fear {unknown}
 q - a scroll of enchant weapon {unknown}
Potions
 g - a potion of magic {unknown}
 i - 3 potions of flight {unknown}
 k - a potion of haste {unknown}
Comestibles
 c - 4 rations


   Skills:
 + Level 0.9 Fighting
 + Level 0.2 Maces & Flails
 - Level 1.5 Dodging
 - Level 2.4 Stealth
 + Level 2.2 Spellcasting
 + Level 1.5 Conjurations
 + Level 3.2 Fire Magic


You had 4 spell levels left.
You knew the following spells:

 Your Spells              Type           Power        Failure   Level  Hunger
a - Flame Tongue          Conj/Fire      #....        9%          1    #......

Your spell library contained the following spells:

 Spells                   Type           Power        Failure   Level  Hunger
 Throw Flame              Conj/Fire      #.....       12%         2    ###....
 Conjure Flame            Conj/Fire      #.......     24%         3    ###....
 Inner Flame              Hex/Fire       #.......     34%         3    ###....
 Sticky Flame             Conj/Fire      #.......     63%         4    #####..
 Fireball                 Conj/Fire      #.........   92%         5    ######.


Dungeon Overview and Level Annotations

Branches:
Dungeon (2/15)

Altars:


Innate Abilities, Weirdness & Mutations

You are resistant to torment.
Your stone body is resilient. (AC +2)
You are immune to poison.
You resist negative energy. (rN+)
You are resistant to electric shocks. (rElec)
You can survive without breathing.
You are immune to petrification.
You are immune to rotting.


Message History

Aim: a worm (severely wounded)
The flame tongue hits the worm.
The worm is almost dead.
Your magical contamination has completely faded away.
Casting: Flame Tongue (safe; 9% risk of failure)
Confirm with . or Enter, or press ? or * to list all spells.
Aiming: Flame Tongue (safe; 9% risk of failure)
Press: ? - help, Shift-Dir - straight line, f/p - worm
Aim: a worm (severely wounded)
The flame tongue hits the worm.
The worm is almost dead.
You hit the worm but do no damage.
The worm is almost dead.
The worm barely misses you.
You hit the worm but do no damage.
The worm is severely wounded.
You hit the worm but do no damage.
The worm is severely wounded.
The worm bites you.
You die...

....<.......######........#
............##...#........#
............##...#........#
............##...#........#
...####.....++...'........#
#### #.....##...#........#
####.....##...#........#
.........##...#..<.....#
..........##.w@########.#
..........##...#######
#####.#.............)#
#.#.####...#####.#
#.#.#.##...# #.#.##...##
#.#.......# #.#.##....#
#....+....#


You could see a worm.

Vanquished Creatures
  A dart slug (D:1)
  3 giant cockroaches
  4 goblins
  2 hobgoblins (D:1)
  2 kobolds (D:1)
  3 frilled lizards
  2 rats
17 creatures vanquished.

Notes
Turn   | Place    | Note
-------+----------+-------------------------------------------
     0 | D:1      | shadizar the Gargoyle Fire Elementalist began the quest for the Orb.
     0 | D:1      | Reached XP level 1. HP: 10/10 MP: 3/3
   219 | D:1      | Reached XP level 2. HP: 2/16 MP: 0/5
  1104 | D:2      | Slain by a worm

Action                   || total
-------------------------++-------
Melee: Unarmed           ||    92
       Club              ||    40
 Cast: Flame Tongue      ||    17
 Stab: Sleeping          ||     1
Armor: Robe              ||    49
Dodge: Dodged            ||    83
